 Dungeon Crawl Stone Soup version 0.17-a0-2070-g2a5e0a8 (webtiles) character file.

67 trtt the Covered (level 4, 0/28 HPs)
             Began as a Tengu Fighter on Oct 14, 2015.
             Was an Initiate of Okawaru.
             Slain by Vergil's ghost (7 damage)
             ... on level 3 of the Dungeon.
             The game lasted 00:27:29 (1770 turns).

trtt the Covered (Tengu Fighter)                    Turns: 1770, Time: 00:27:29

Health: 0/28       AC:  0    Str: 17    XL:     4   Next: 18%
Magic:  5/5        EV:  9    Int: 13    God:    Okawaru [......]
Gold:   136        SH:  9    Dex: 14    Spells: 0 memorised, 3 levels left

rFire  . . .     SeeInvis .     a - +3 short sword
rCold  . . .     Clarity  .     (no armour)
rNeg   . . .     SustAt   .     c - +0 shield
rPois  .         Gourm    .     (helmet restricted)
rElec  .         Spirit   .     (no cloak)
rCorr  .         Warding  .     (no gloves)
rMut   .         Stasis   .     (boots unavailable)
MR     .....                    (no amulet)
Stlth  +.........               (no ring)
                                n - ring of invisibility

@: brilliant, not resistant to hostile enchantments, very unstealthy
A: beak, talons 3
a: Renounce Religion, Evoke Invisibility


You were on level 3 of the Dungeon.
You worshipped Okawaru.
Okawaru was noncommittal.
You were not hungry.

You visited 1 branch of the dungeon, and saw 3 of its levels.

You collected 136 gold pieces.

Inventory:

Hand Weapons
 a - a +3 short sword (weapon)
 b - a +2 hunting sling of flaming
 e - a +0 hunting sling
 r - a +0 war axe
Missiles
 g - 216 stones (quivered)
 q - 32 bolts
Armour
 c - a +0 shield (worn)
 o - a cursed +0 robe
 p - a +0 scale mail
Jewellery
 n - a ring of invisibility (left hand)
Scrolls
 k - a scroll of amnesia {unknown}
 m - 4 scrolls of identify {unknown}
 s - a scroll of noise {unknown}
 t - a scroll of teleportation {unknown}
Potions
 d - a potion of might
 j - a potion of curing
 l - a potion of brilliance
Comestibles
 f - a beef jerky


   Skills:
 + Level 3.4 Fighting
 + Level 2.2 Axes
 + Level 4.2 Armour
 + Level 0.4 Dodging
 + Level 3.7 Shields


You had 3 spell levels left.
You didn't know any spells.

Dungeon Overview and Level Annotations

Branches:
Dungeon (3/15)

Altars:
Okawaru

Annotations:
D:3 Vergil's ghost, amateur DrFi


Innate Abilities, Weirdness & Mutations

You have a beak for a mouth.
You have claws for feet.


Message History

You closely miss Vergil's ghost. Your peck misses Vergil's ghost.
Vergil's ghost is lightly damaged.
Vergil's ghost hits you! Vergil's ghost hits you.
You hit Vergil's ghost. Your peck misses Vergil's ghost.
Vergil's ghost is lightly damaged.
You block Vergil's ghost's attack.
You puncture Vergil's ghost!
Vergil's ghost is moderately damaged.
Vergil's ghost hits you.
Drink which item? (? for menu, Esc to quit)
It was a potion of brilliance.
You feel clever all of a sudden. The rat bites you.
* * * LOW HITPOINT WARNING * * *
Vergil's ghost completely misses you.
Read which item? (? for menu, Esc to quit)
As you read the scroll labeled LEQOUF BOMEGO, it crumbles to dust.
You feel blessed for a moment.
It was a scroll of remove curse.
You block the rat's attack. Vergil's ghost hits you!
You die...

,,* *,,,******* #.#.# ***
*.#,* ****##.... *****
###.*,****,,,,.....
,,,,******
#...*,,,,,,***#....
,,,,,,>,,###*##..#*,,,****
#....
,**,,***.#...,...#*,,,,*
#....
,***,,**.....##..,,,**.#*
#...#
,,,,,,,,.......r###***,.#*
**,#<# ,,,,,,,,*#.#...W@.#
**..* *,,#.#
,,,,,,,,*#......#.## *#.*
*,*#.#
******,**#...##....###
#.##*,##.#
*,,(...**##.#...##*..##.##†#
***##.,* #......#*#....##.#
********#,,*
#####..###.#####..
*,,,,,,,,,** #.........###.
**,,,,,,,,,,* ##.....##.# #.
,,,,,,,,,,,,******
##.##....# #.


You could see Vergil's ghost and a rat.

Vanquished Creatures
  An adder (D:2)
  A worm (D:2)
  3 giant geckos (D:1)
  6 bats
  12 goblins
  4 hobgoblins (D:1)
  2 jackals (D:1)
  A quokka (D:2)
  A ball python (D:1)
  7 giant newts
  10 kobolds
  3 rats
51 creatures vanquished.

Notes
Turn   | Place    | Note
--------------------------------------------------------------
     0 | D:1      | trtt the Tengu Fighter began the quest for the Orb.
     0 | D:1      | Reached XP level 1. HP: 14/14 MP: 2/2
   223 | D:1      | Reached XP level 2. HP: 13/19 MP: 3/3
   542 | D:1      | Reached skill level 4 in Armour
   542 | D:1      | Reached XP level 3. HP: 15/23 MP: 4/4
  1444 | D:2      | Reached XP level 4. HP: 28/28 MP: 5/5
  1455 | D:2      | Found an iron altar of Okawaru.
  1486 | D:2      | Became a worshipper of Warmaster Okawaru
  1755 | D:3      | Noticed Vergil's ghost (amateur DrFi)
  1770 | D:3      | Slain by Vergil's ghost

Vault maps used:
D:1:      dpeg_arrival_leaves_temple_mockup, serial_park_tiny_pond,
          roderic_roman_lattice
D:2:      grunt_ministairs_12, wad_floor_pattern_untrapped,
          okawaru_metal_pillars_1_2
D:3:      corexii_shack

Action                   |  1- 3 |  4- 6 || total
-------------------------+-------+-------++-------
Melee: War axe           |    87 |       ||    87
       Short sword       |    17 |    19 ||    36
 Fire: Hunting sling     |       |     4 ||     4
Throw: Stone             |     3 |     2 ||     5
  Use: Potion            |     1 |     1 ||     2
       Scroll            |       |     2 ||     2
 Stab: Sleeping          |       |     1 ||     1
  Eat: Bread ration      |     1 |       ||     1
